Map: Hard Lead LE

Players

SubN - Winner!

  • Race: Zerg Zerg
  • League: Diamond
  • Spawn Location: 11:00

BattleToad

  • Race: Protoss Protoss
  • League: Platinum
  • Spawn Location: 5:00

VOD

Have the link to the VOD?

Description

Time

  • Played on: Nov. 19, 2023, 2:02 p.m.
  • Length: 10:11
Show
View Real Time Build Order
Export as new Build Order

SubN Zerg - Winner!

Build Orders: Hatch First 

Get SALT Encoding   

  12  0:00  Drone  
  13  0:12  Overlord  
  13  0:19  Drone  
  14  0:30  Drone x2  
  14  0:34  Drone  
  17  0:51  Hatchery  
  16  0:59  Drone x2  
  16  1:02  Extractor  
  17  1:25  Spawning Pool  
  16  1:44  Drone x3  
  19  1:55  Drone  
  20  2:11  Queen x2  
  24  2:17  Drone x2  
  26  2:26  Metabolic Boost  
  26  2:30  Overlord  
  26  2:36  Drone x2  
  28  2:43  Overlord  
  28  2:49  Queen  
  30  2:55  Queen  
  32  2:58  Drone  
  32  3:00  Drone  
  32  3:05  Drone x2  
  36  3:08  Drone  
  36  3:09  Drone  
  38  3:24  Hatchery  
  37  3:34  Queen  
  37  3:35  Queen  
  37  3:39  Overlord  
  41  3:43  Overlord  
  41  3:49  Drone x3  
  41  3:53  Overlord  
  44  3:59  Drone x3  
  44  4:00  Drone  
  48  4:07  Drone x3  
  48  4:08  Drone  
  52  4:19  Drone x5  
  57  4:29  Overlord  
  57  4:32  Lair  
  57  4:36  Drone  
  58  4:38  Drone  
  58  4:43  Drone  
  58  4:44  Drone  
  61  4:54  Drone x5, Extractor  
  61  4:55  Extractor  
  64  5:00  Extractor  
  63  5:13  Drone x5  
  68  5:22  Overlord x2  
  68  5:23  Overlord x2  
  68  5:30  Overlord x2  
  68  5:40  Queen  
  68  5:42  Roach Warren  
  69  5:43  Drone x2  
  69  5:44  Drone, Baneling Nest  
  69  5:45  Drone  
  69  5:46  Drone x2  
  69  5:47  Drone  
  75  5:52  Drone x2  
  75  5:56  Overlord x2  
  77  5:58  Zergling x2, Evolution Chamber  
  77  5:59  Zergling x2, Evolution Chamber  
  77  6:07  Zergling x2  
  77  6:08  Zergling x4  
  80  6:15  Overseer  
  80  6:17  Zergling x8  
  80  6:18  Zergling x2  
  85  6:24  Glial Reconstitution  
  85  6:27  Overseer  
  85  6:30  Overlord x3  
  85  6:32  Roach x2  
  89  6:33  Hatchery  
  89  6:34  Zerg Missile Weapons Level 1  
  89  6:35  Zerg Melee Weapons Level 1  
  88  6:57  Roach  
  88  6:58  Roach x13  
  116  7:22  Zergling x20  
  125  7:23  Zergling x2  
  125  7:27  Centrifugal Hooks  
  125  7:28  Baneling  
  125  7:29  Baneling x16  
  126  7:32  Overlord x2  
  126  7:36  Overlord  
  126  7:37  Overseer  
  126  7:39  Overseer  
  126  7:44  Overseer  
  126  7:46  Zergling x8  
  126  7:47  Queen  
  132  7:54  Zergling x2  
  132  7:55  Zergling x10  
  138  8:03  Overseer  
  138  8:07  Roach  
  138  8:08  Roach x6  
  123  8:27  Roach  
  123  8:28  Roach x8  
  131  8:39  Roach x4  
  125  8:56  Zergling x2  
  125  8:57  Zergling x32  
  138  9:09  Zergling x10  
  135  9:31  Zergling x2  
  135  9:32  Zergling x26  
  149  9:43  Overlord x2  
Show
View Real Time Build Order
Export as new Build Order

BattleToad Protoss 

Build Orders: Forge Fast Expand (FFE), Zealot Archon 

Get SALT Encoding   

  12  0:00  Probe  
  13  0:20  Pylon  
  13  0:25  Probe  
  14  0:38  Probe  
  15  0:45  Forge  
  15  0:50  Probe  
  16  1:04  Pylon  
  16  1:06  Probe (Chrono Boost)  
  17  1:17  Probe (Chrono Boost)  
  18  1:24  Probe  
  18  1:30  Photon Cannon  
  18  1:36  Probe  
  19  1:40  Nexus  
  19  1:45  Gateway  
  19  1:54  Photon Cannon  
  19  1:59  Probe  
  20  2:04  Pylon  
  20  2:11  Probe, Assimilator  
  21  2:20  Assimilator  
  21  2:23  Probe  
  22  2:34  Cybernetics Core  
  22  3:00  Probe x2  
  24  3:11  Stalker  
  24  3:12  Probe x2  
  28  3:16  Warp Gate  
  28  3:22  Assimilator  
  28  3:24  Probe x2, Assimilator  
  30  3:36  Probe  
  30  3:40  Twilight Council  
  31  3:42  Gateway  
  31  3:44  Gateway  
  31  4:00  Stalker  
  33  4:11  Probe x2  
  35  4:21  Dark Shrine  
  35  4:23  Probe x2  
  37  4:33  Robotics Facility  
  37  4:35  Probe x2  
  39  4:47  Probe x2  
  41  4:59  Probe x2  
  43  5:11  Probe  
  43  5:13  Stalker  
  46  5:18  Pylon  
  46  5:20  Pylon  
  46  5:35  Warp Prism  
  46  5:36  Probe x2  
  46  5:41  Dark Templar x3  
  56  5:48  Probe x2  
  58  5:52  Gateway  
  58  5:55  Pylon x2  
  58  6:02  Gateway  
  58  6:10  Gateway  
  58  6:19  Dark Templar  
  60  6:26  Probe x2  
  62  6:38  Probe  
  63  6:42  Nexus  
  63  6:43  Pylon  
  63  6:44  Charge (Chrono Boost)  
  63  6:46  Pylon  
  63  6:48  Zealot  
  63  6:49  Zealot x2  
  63  6:50  Probe  
  63  6:51  Probe  
  71  7:03  Probe x2  
  73  7:15  Probe x2  
  65  7:23  Dark Templar x5  
  65  7:24  Dark Templar  
  65  7:27  Probe x2  
  79  7:32  Shield Battery  
  79  7:36  Shield Battery  
  79  7:38  Shield Battery, Archon x2  
  79  7:39  Probe, Archon  
  79  7:41  Probe  
  81  7:45  Warp Prism  
  81  7:51  Probe  
  84  7:53  Probe  
  84  7:57  Dark Templar x3  
  84  7:58  Dark Templar x3  
  97  8:03  Probe  
  98  8:12  Archon x2  
  98  8:13  Archon  
  98  8:21  Forge  
  98  8:24  Forge  
  86  8:31  Zealot x2  
  86  8:32  Zealot x2  
  86  8:33  Zealot x2  
  86  8:40  Immortal (Chrono Boost)  
  68  8:58  Zealot x2  
  68  8:59  Zealot x4  
  65  9:12  Immortal (Chrono Boost)  
  62  9:31  Stalker x6  
Tags
 
Add a new tag
Caveats
  • Supply blocks, unpowered buildings, or Contaminate may cause inaccurate times.
  • Supply counts are checked every 10 seconds.